 Dungeon Crawl Stone Soup version 0.23-a0-79-gaa8cc03 (webtiles) character file.

53 Amnesiac the Gusty (level 3, -5/24 HPs)
             Began as a Mummy Air Elementalist on Aug 11, 2018.
             Slain by a sky beast (7 damage)
             ... on level 4 of the Dungeon.
             The game lasted 00:05:01 (1439 turns).

Amnesiac the Gusty (Mummy Air Elementalist)         Turns: 1439, Time: 00:05:02

Health: -5/24      AC:  2    Str: 11    XL:     3   Next: 62%
Magic:  8/8        EV: 12    Int: 18    God:
Gold:   83         SH:  0    Dex: 12    Spells: 8/9 levels left

rFire    x . .     SeeInvis .   d - +0 falchion
rCold    + . .     Gourm    .   (no shield)
rNeg     + + +     Faith    .   a - +0 robe
rPois    ∞         Spirit   .   (no helmet)
rElec    .         Reflect  .   (no cloak)
rCorr    .         Harm     +   (no gloves)
MR       .....                  (no boots)
Stlth    ++........             j - amulet of harm
HPRegen  0.08/turn              k - +3 ring of intelligence
MPRegen  0.11/turn              (no ring)

@: no status effects
A: no food or potions, fire vulnerability, cold resistance 1, negative energy
resistance 3, torment resistance, unbreathing
a: no special abilities


You were on level 4 of the Dungeon.
You were not hungry.

You visited 1 branch of the dungeon, and saw 5 of its levels.

You collected 83 gold pieces.

Inventory:

Hand Weapons
 d - a +0 falchion (weapon)
Armour
 a - a +0 robe (worn)
Jewellery
 j - an amulet of harm (around neck)
 k - a +3 ring of intelligence (left hand)
Wands
 i - a wand of disintegration (7)
Scrolls
 b - a scroll of amnesia {!r, unknown}
 c - a scroll of immolation {!r, unknown}
 f - a scroll of enchant armour {!r, unknown}
 g - a scroll of remove curse {!r, unknown}
 h - a scroll of teleportation {!r, unknown}


   Skills:
 - Level 1.5 Dodging
 - Level 1.5 Stealth
 + Level 3.5 Spellcasting
 - Level 0.7 Conjurations
 * Level 3.5 Air Magic


You had 8 spell levels left.
You knew the following spells:

 Your Spells              Type           Power        Failure   Level  Hunger
a - Shock                 Conj/Air       ##..         7%          1    N/A

Your spell library contained the following spells:

 Spells                   Type           Power        Failure   Level  Hunger
 Lightning Bolt           Conj/Air       ##........   88%         5    N/A
 Swiftness                Chrm/Air       #.......     12%         2    N/A
 Airstrike                Air            ###.......   36%         4    N/A
 Static Discharge         Conj/Air       ##......     21%         3    N/A

Dungeon Overview and Level Annotations

Branches:
Dungeon (5/15)
 Temple: D:4-7

Altars:
Qazlal

Annotations:
D:2 Sigmund


Innate Abilities, Weirdness & Mutations

You do not eat or drink.
Your flesh is vulnerable to fire.
You are immune to poison.
Your flesh is cold resistant. (rC+)
You are immune to negative energy. (rN+++)
You are immune to unholy pain and torment.
You can survive without breathing.


Message History

Adjust (i)tems, (s)pells, or (a)bilities?
Adjust which spell?
Okay, then.
Found a stone staircase leading down and a stone staircase leading up.
Found 23 stones.
You see here a small diamond amulet.
j - a small diamond amulet Put on which piece of jewellery? (? for menu, Esc to quit)
You don't have any such object.
Put on which piece of jewellery? (? for menu, Esc to quit)
Okay, then.
Put on which piece of jewellery? (? for menu, Esc to quit)
j - an amulet of harm (around neck)
The sky beast flickers out of sight!
Deactivating autopickup; reactivate with Ctrl-A.
Something hits you but does no damage.
Unknown command.
Something hits you. Something shocks you.
A sky beast appears from thin air!
Reactivating autopickup.
A jackal comes into view.
The jackal barks!
You hear a bark!
You hear an angry hiss.
A jackal comes into view.
An adder comes into view.
Found 13 gold pieces.
The sky beast flickers out of sight!
Deactivating autopickup; reactivate with Ctrl-A.
You see here a glowing coral ring.
k - a glowing coral ring A sky beast appears from thin air!
Reactivating autopickup.
The sky beast hits you.
* * * LOW HITPOINT WARNING * * *
The sky beast shocks you.
* * * LOW HITPOINT WARNING * * *
The sky beast closely misses you.
An ice beast comes into view.
There is a stone staircase leading up here.
The sky beast barely misses you.
You climb upwards.
There is a stone staircase leading down here.
Put on which piece of jewellery? (? for menu, Esc to quit)
You feel clever.
k - a +3 ring of intelligence (left hand) Unknown command.
Casting: Shock (safe; 7% risk of failure)
Confirm with . or Enter, or press ? or * to list all spells.
You don't know that spell.
Unknown command.
An adder, an orc and 2 orc wizards come into view.
The orc shouts!
The adder hisses angrily.
The orc wizard shouts!
The sky beast flickers out of sight!
Deactivating autopickup; reactivate with Ctrl-A.
Found a whip.
Really read
e - a scroll labeled BODYBU YBBEU {!r}?
As you read the scroll labeled BODYBU YBBEU {!r}, it crumbles to dust.
You feel aware of your surroundings.
You sensed 1 altar.
It was a scroll of magic mapping {!r}.
The orc hits you but does no damage. Something hits you but does no damage.
A sky beast appears from thin air!
Reactivating autopickup.
The sky beast hits you.
* * * LOW HITPOINT WARNING * * *
The sky beast shocks you.
You die...

**......#*,,,**#..
**......#*,,,*##..
*,.......*,,,,#...
**.......*,,,,#...
**.).....',,,,#...
*,.S..o..*>,,,##..
##.o....#*,,,.*###
#o########....,,,,
#@Y...>.......,,,,
##......##....**,,
#.......##....**,,
#.......+....,,+,,
##########....,*,,
*,,,,,,,##....*###
*,,,,,,,......##..
**,,,,,,..........
*,,,,,,,%.........


You could see a sky beast, an adder and an orc.

Vanquished Creatures
  An orc priest (D:4)
  An ooze (D:2)
  A leopard gecko (D:1)
  4 orcs (D:4)
  A giant cockroach (D:2)
  A goblin (D:2)
  A hobgoblin (D:2)
  4 bats
  A kobold (D:2)
  A rat (D:2)
16 creatures vanquished.

Notes
Turn   | Place    | Note
-------+----------+-------------------------------------------
     0 | D:1      | Amnesiac the Mummy Air Elementalist began the quest for the Orb.
     0 | D:1      | Reached XP level 1. HP: 13/13 MP: 4/4
   232 | D:2      | Reached XP level 2. HP: 15/19 MP: 0/5
   290 | D:2      | Noticed Sigmund
  1174 | D:4      | Reached XP level 3. HP: 24/24 MP: 1/8
  1252 | D:4      | Found a stormy altar of Qazlal.
  1414 | D:5      | Entered Level 5 of the Dungeon
  1414 | D:5      | Noticed a sky beast
  1428 | D:5      | Noticed an ice beast
  1439 | D:4      | Slain by a sky beast

Vault maps used:
D:1:      dpeg_arrival_ratfight
D:2:      first_ration, minmay_box_of_dots, uniq_sigmund, uniq_jessica,
          uniq_robin
D:3:      nicolae_dithmenos_shadow_blocks
D:4:      kennysheep_mini_moat, grunt_qazlal_clouds
D:5:      basic_altar

Skill      XL: |  1  2 |
---------------+-------+-----
Spellcasting   | 3 |  3.5
Air Magic      | 3 |  3.5
Dodging        | |  1.5
Stealth        | |  1.5
Conjurations   | |  0.7

Action                   || total
-------------------------++-------
Melee: Falchion          ||     8
 Cast: Shock             ||    39
  Use: Scroll            ||     1
Armor: Robe              ||     8
Dodge: Dodged            ||    32
       Rpst.: Falchion   ||     5

Table legend:
 A = Non-vault XP
 B = Vault XP
 C = Vault XP percentage of total XP
 D = Non-vault monster count
 E = Vault monster count
 F = Vault count percentage of total count
 G = Total turns spent on level
                 A         B        C        D         E       F
            +---------+---------+-------+---------+---------+-------
      Total |      76 |       0 |   0.0 |      16 |       0 |   0.0
            +---------+---------+-------+---------+---------+-------
        D:1 |       3 |       0 |   0.0 |       1 |       0 |   0.0
        D:2 |      19 |       0 |   0.0 |       9 |       0 |   0.0
        D:3 |       1 |       0 |   0.0 |       1 |       0 |   0.0
        D:4 |      53 |       0 |   0.0 |       5 |       0 |   0.0
            +---------+---------+-------+---------+---------+-------
